 Dungeon Crawl Stone Soup version 0.23.2-30-g0e89c35649 (webtiles) character file.

Game seed: 4621564513280071148

4 Atelerd the Magician (level 1, -1/11 HPs)
             Began as an Octopode Wizard on June 19, 2019.
             Slain by an ooze (3 damage)
             ... on level 1 of the Dungeon.
             The game lasted 00:00:18 (736 turns).

Atelerd the Magician (Octopode Wizard)               Turns: 736, Time: 00:00:18

Health: -1/11      AC:  1    Str:  6    XL:     1   Next: 70%
Magic:  1/4        EV: 13    Int: 20    God:
Gold:   29         SH:  0    Dex: 10    Spells: 5/6 levels left

rFire    . . .     SeeInvis .   (no weapon)
rCold    . . .     Gourm    .   (no shield)
rNeg     . . .     Faith    .   a - +0 hat
rPois    .         Spirit   .   (no amulet)
rElec    .         Reflect  .   (no ring)
rCorr    .         Harm     .   (no ring)
MR       .....                  (no ring)
Stlth    +++.......             (no ring)
HPRegen  0.03/turn              (no ring)
MPRegen  0.09/turn              (no ring)
                                (no ring)
                                (no ring)

@: no status effects
A: almost no armour, stealthy swim, amphibious, 8 rings, constrict 8, camouflage
1, gelatinous body 1
a: no special abilities


You were on level 1 of the Dungeon.
You were not hungry.

You visited 1 branch of the dungeon, and saw 1 of its levels.

You collected 29 gold pieces.

Inventory:

Armour
 a - a +0 hat (worn)
Scrolls
 b - a scroll of blinking {unknown}
 e - a scroll of identify {unknown}
Potions
 d - a potion of flight {unknown}
 f - a potion of mutation {unknown}
 g - a potion of degeneration {unknown}
Comestibles
 c - a ration


   Skills:
 - Level 2.0 Dodging
 - Level 2.6 Stealth
 + Level 3.1 Spellcasting
 * Level 1.4 Conjurations
   Level 1.0 Summonings
   Level 1.0 Translocations


You had 5 spell levels left.
You knew the following spells:

 Your Spells              Type           Power        Failure   Level  Hunger
a - Magic Dart            Conj           #...         8%          1    None

Your spell library contained the following spells:

 Spells                   Type           Power        Failure   Level  Hunger
 Blink                    Tloc           N/A          14%         2    ##.....
 Call Imp                 Summ           #.......     14%         2    ##.....
 Slow                     Hex            #.......     22%         2    ##.....
 Conjure Flame            Conj/Fire      #.......     30%         3    ###....
 Mephitic Cloud           Conj/Pois/Air  #.......     34%         3    ###....


Dungeon Overview and Level Annotations

Branches:
Dungeon (1/15)

Altars:


Innate Abilities, Weirdness & Mutations

You cannot wear most types of armour.
You are very stealthy in the water. (Stealth+)
You are amphibious.
You can wear up to eight rings at the same time.
You can use your tentacles to constrict eight enemies at once.
Your skin changes colour to match your surroundings (Stealth+).
Your rubbery body absorbs attacks. (AC +1, EV +1)


Message History

The ooze is moderately wounded.
The ooze closely misses you.
Casting: Magic Dart (safe; 8% risk of failure)
Confirm with . or Enter, or press ? or * to list all spells.
Aiming: Magic Dart (safe; 8% risk of failure)
Press: ? - help, Shift-Dir - straight line, f/p - ooze
Aim: an ooze (moderately wounded)
The magic dart hits the ooze but does no damage.
The ooze is moderately wounded.
The ooze hits you.
* * * LOW HITPOINT WARNING * * *
Casting: Magic Dart (safe; 8% risk of failure)
Confirm with . or Enter, or press ? or * to list all spells.
Aiming: Magic Dart (safe; 8% risk of failure)
Press: ? - help, Shift-Dir - straight line, f/p - ooze
Aim: an ooze (lightly wounded)
The magic dart hits the ooze but does no damage.
The ooze is lightly wounded.
The ooze hits you.
You die...

........# ##...............
####.##.# #.############.#####
#.##[# #.#.# ###.#..## #.##.#
#.#.#####.......## # #.##.#
#.#..............### #.##.#
#.#..####.##........ #.##.#
#.#..# #.##.....###
#.##.######.#..####.###...##
#.##........J@...........## ##
#.....#####.############.####.
#####.# #.....# ##...##. #.#
#.###.#########.###..#
########.# #.# #...........#
#.## ..>......#
#.###.#########.###..#
########## #.....# #....##.
####### #.(..... ##..####


You could see an ooze.

Vanquished Creatures
  4 bats (D:1)
  2 rats (D:1)
6 creatures vanquished.

Notes
Turn   | Place    | Note
-------+----------+-------------------------------------------
     0 | D:1      | Atelerd the Octopode Wizard began the quest for the Orb.
     0 | D:1      | Reached XP level 1. HP: 11/11 MP: 4/4
   736 | D:1      | Slain by an ooze

Action                   || total
-------------------------++-------
Melee: Unarmed           ||    13
       Tentacles         ||     4
       Constrict         ||     3
 Cast: Magic Dart        ||     7
 Stab: Sleeping          ||     4
Armor: Skin              ||     2
Dodge: Dodged            ||     9
